[Event "fics rated crazyhouse match"]
[Site "fics, Oklahoma City, OK USA"]
[Date "2000.02.24"]
[White "XXNoWay"]
[WhiteElo "2296"]
[Black "pminear"]
[BlackElo "2441"]
[TimeControl "60+0"]
[Result "1-0"]

1. e4 e5 2. Nc3 Nc6 3. Bc4 Bc5 4. Nf3 Nf6 5. O-O d6 6. d3 
Bg4 7. h3 Bh5 8. Bg5 h6 9. Bxf6 Qxf6 10. Nd5 Qd8 11. Qd2 Bxf3 
12. gxf3 Nd4 13. B@g2 N@h4 14. N@f5 Nhxf3+ 15. Kh1 Nxd2 16. Nxg7+ Kd7 17. Ne3 
P@f3 18. P@e6+ fxe6 19. Bxf3 N2xf3 20. P@h2 Rg8 21. Rg1 B@f4 22. Nxe6 Nxe6 
23. Bxe6+ Kxe6 24. P@d5+ Kd7 25. Rxg8 Qxg8 26. N@f6+ Kd8 27. Nxg8 R@g7 28. Q@f8+ 
N@e8 29. Qxe8+ Kxe8 30. Nf6+ Kf7 31. R@g1 Nxg1 32. Rxg1 Rxg1+ 33. Kxg1 Q@e1+ 
34. R@f1 R@h1+ 35. Kxh1 P@g2+ 36. Kxg2 Qxf1+ 37. Nxf1 B@f3+ 38. Kxf3 Q@d1+ 39. B@e2 
B@g2+ 40. Kxg2 Qxe2 41. Q@h7# 
{pminear forfeits on time} 1-0

[Event "fics rated crazyhouse match"]
[Site "fics, Oklahoma City, OK USA"]
[Date "2000.02.24"]
[White "pminear"]
[WhiteElo "2430"]
[Black "XXNoWay"]
[BlackElo "2307"]
[TimeControl "60+0"]
[Result "1-0"]

1. e4 e6 2. Nc3 Nf6 3. d4 d5 4. exd5 exd5 5. Nf3 Be7 6. Bb5+ 
P@c6 7. Be2 Bg4 8. Ne5 Bxe2 9. Qxe2 Nbd7 10. Nxd7 Qxd7 11. N@e5 B@h5 
12. f3 Qe6 13. P@a6 N@f5 14. axb7 Rb8 15. B@c8 Nxd4 16. Bxe6 fxe6 17. Q@c8+ 
Rxc8 18. bxc8=Q+ B@d8 19. P@d7+ Kf8 20. Nxc6 Nxe2 21. Nxe7 P@f2+ 22. Kxe2 Q@c4+ 
23. B@d3 Bxf3+ 24. gxf3 Kf7 25. N@e5+ Kxe7 26. R@f7+ Kd6 27. Nxc4+ dxc4 28. Bf4+ 
e5 29. Bxe5+ Kxe5 30. f4+ Kd6 31. Q@e5+ Kc6 32. B@b7+ Kb6 33. Qb5# 
{XXNoWay checkmated} 1-0

[Event "fics rated crazyhouse match"]
[Site "fics, Oklahoma City, OK USA"]
[Date "2000.02.24"]
[White "XXNoWay"]
[WhiteElo "2302"]
[Black "pminear"]
[BlackElo "2435"]
[TimeControl "60+0"]
[Result "0-1"]

1. e4 e5 2. Nc3 Nc6 3. Nf3 Bc5 4. Bc4 Nf6 5. h3 d6 6. d3 
Nd4 7. O-O Nxf3+ 8. Qxf3 N@d4 9. Qd1 Be6 10. Bxe6 fxe6 11. Bg5 O-O 
12. B@b3 h6 13. Bxf6 Qxf6 14. N@g4 Qg5 15. Ne2 Nxe2+ 16. Qxe2 N@d4 17. Bxe6+ 
Nxe6 18. N@f3 Rxf3 19. Qxf3 N@f4 20. R@f5 Qe7 21. P@f7+ Kh7 22. Nxe5 dxe5 
23. Qg4 B@g6 24. Rxe5 N@f6 25. Rxe6 Qxe6 26. Qxe6 Nxe6 27. P@f5 B@h5 28. fxg6+ 
Bxg6 29. B@f5 Bxf5 30. exf5 B@h5 31. P@g6+ Kh8 32. Q@g8+ Nxg8 33. fxg8=Q+ Kxg8 
34. B@f7+ Kh8 35. Bxe6 P@h2+ 36. Kh1 R@g1+ 37. Rxg1 hxg1=Q+ 38. Rxg1 B@g8 39. R@h7+ 
Bxh7 
{XXNoWay forfeits on time} 0-1

[Event "fics rated crazyhouse match"]
[Site "fics, Oklahoma City, OK USA"]
[Date "2000.02.24"]
[White "pminear"]
[WhiteElo "2440"]
[Black "XXNoWay"]
[BlackElo "2297"]
[TimeControl "60+0"]
[Result "0-1"]

1. e4 e5 2. Nc3 Nc6 3. Nf3 Nf6 4. Bc4 Bb4 5. Nd5 Nxd5 6. exd5 
Nd4 7. Nxe5 Qg5 8. N@f3 Qxg2 9. Rg1 Nxf3+ 10. Nxf3 N@f4 11. Rxg2 Nxg2+ 
12. Kf1 Nf4 13. Qe1+ R@e7 14. N@e3 P@g2+ 15. Nxg2 Rxe1+ 16. Nfxe1 Q@h1+ 17. R@g1 
Qxg1+ 18. Kxg1 N@h3+ 19. Kf1 R@g1# 
{pminear checkmated} 0-1

[Event "fics rated crazyhouse match"]
[Site "fics, Oklahoma City, OK USA"]
[Date "2000.02.24"]
[White "XXNoWay"]
[WhiteElo "2308"]
[Black "pminear"]
[BlackElo "2429"]
[TimeControl "60+0"]
[Result "0-1"]

1. e4 e5 2. Nc3 Nc6 3. Bc4 Bc5 4. Nf3 Nf6 5. d3 d6 6. h3 
Be6 7. Bxe6 fxe6 8. B@c4 B@g8 9. Ng5 Qe7 10. Nxe6 Bxe6 11. Bxe6 Qxe6 
12. B@f5 Qe7 13. Bg5 B@f4 14. Bxf6 gxf6 15. Nd5 Bxf2+ 16. Kxf2 B@d4+ 17. Ke2 
N@g3+ 18. Kf3 Nxh1 19. Nxe7 R@e3+ 20. Kg4 Nf2+ 21. Kh5 P@g6+ 22. Bxg6+ hxg6+ 
23. Kxg6 Nxe7+ 24. Kxf6 Rf8+ 25. Kg7 Rf7+ 26. Kh8 Ng6+ 27. Kg8 N@f6# 
{XXNoWay checkmated} 0-1

[Event "fics rated crazyhouse match"]
[Site "fics, Oklahoma City, OK USA"]
[Date "2000.02.24"]
[White "pminear"]
[WhiteElo "2434"]
[Black "XXNoWay"]
[BlackElo "2303"]
[TimeControl "60+0"]
[Result "0-1"]

1. e4 e6 2. Nc3 Nf6 3. e5 Nd5 4. Nxd5 exd5 5. Nf3 Nc6 6. d4 
d6 7. Bb5 Bg4 8. N@e3 Bxf3 9. gxf3 N@h4 10. B@h3 Be7 11. Nxd5 dxe5 
12. Nxe7 Qxe7 13. Rg1 P@g2 14. d5 N@d4 15. B@g4 N@g5 16. Bxg5 Qxg5 17. dxc6 
B@d2+ 18. Qxd2 Nhxf3+ 19. Bxf3 Nxf3+ 20. Ke2 Qxd2+ 21. Kxf3 Qf4+ 22. Kxg2 Q@f3+ 
23. Kf1 Qxf2# 
{pminear checkmated} 0-1

[Event "fics rated crazyhouse match"]
[Site "fics, Oklahoma City, OK USA"]
[Date "2000.02.24"]
[White "XXNoWay"]
[WhiteElo "2314"]
[Black "pminear"]
[BlackElo "2423"]
[TimeControl "60+0"]
[Result "0-1"]

1. e4 e5 2. Nc3 Nc6 3. Bc4 Bc5 4. Nf3 Nf6 5. d3 d6 6. Bg5 
Bg4 7. Nd5 Nxd5 8. Bxd8 Bxf2+ 9. Kxf2 P@e3+ 10. Kf1 Nf4 11. B@b5 Kxd8 
12. Q@g5+ N@f6 13. Bxc6 Bxf3 14. Qxf3 N@d2+ 15. Kg1 Nxf3# 
{XXNoWay resigns} 0-1

[Event "fics rated crazyhouse match"]
[Site "fics, Oklahoma City, OK USA"]
[Date "2000.02.24"]
[White "pminear"]
[WhiteElo "2429"]
[Black "XXNoWay"]
[BlackElo "2308"]
[TimeControl "60+0"]
[Result "0-1"]

1. e4 e6 2. Nc3 Nf6 3. d4 d5 4. exd5 exd5 5. Nf3 Be7 6. Ne5 
Nc6 7. Bb5 Bd7 8. Bxc6 bxc6 9. Nxf7 Kxf7 10. N@e5+ Kf8 11. P@h6 gxh6 
12. Bxh6+ P@g7 13. Bxg7+ Kxg7 14. P@g5 h6 15. gxf6+ Bxf6 16. N@h5+ Kh7 17. P@g6+ 
Kg8 18. P@f7+ Kf8 19. Nxd7+ Qxd7 20. Nxf6 Qe6+ 21. B@e5 B@g7 22. Nh7+ Rxh7 
23. gxh7 Kxf7 24. Qf3+ P@f5 25. B@g4 B@g6 26. h4 Bxh7 27. h5 P@e4 28. Nxe4 
dxe4 29. P@g6+ Ke7 30. R@f7+ Qxf7 31. Qxf5 Qxf5 32. Bf6+ Bxf6 33. Bxf5 P@d2+ 
34. Kf1 R@e1+ 35. Rxe1 dxe1=Q+ 36. Kxe1 P@d2+ 37. Kxd2 N@c4# 
{pminear forfeits on time} 0-1

[Event "fics rated crazyhouse match"]
[Site "fics, Oklahoma City, OK USA"]
[Date "2000.02.24"]
[White "XXNoWay"]
[WhiteElo "2319"]
[Black "pminear"]
[BlackElo "2418"]
[TimeControl "60+0"]
[Result "1-0"]

1. e4 e5 2. Nc3 Nc6 3. Bc4 Bc5 4. Nf3 Nf6 5. O-O d6 6. h3 
Nd4 7. d3 Nxf3+ 8. Qxf3 N@d4 9. Qd1 Be6 10. Bg5 Bxc4 11. dxc4 h6 
12. Bxf6 Qxf6 13. Nd5 Qg6 14. B@f5 Nxf5 15. exf5 Qxf5 16. Nxc7+ Kd7 17. Nxa8 
Bxf2+ 18. Rxf2 Qxf2+ 19. Kxf2 P@g3+ 20. Ke2 R@f2+ 21. Kd3 B@g6+ 22. Kc3 B@a5+ 
23. Kb3 Bxc2+ 24. Qxc2 Rxc2 25. R@e7+ Kxe7 26. N@d5+ Kf8 27. Q@e7+ Kg8 28. N@f6+ 
gxf6 29. Nxf6+ Kg7 30. Nh5+ Kg6 31. Qf6+ Kxh5 32. P@g4# 
{pminear checkmated} 1-0

[Event "fics rated crazyhouse match"]
[Site "fics, Oklahoma City, OK USA"]
[Date "2000.02.24"]
[White "pminear"]
[WhiteElo "2408"]
[Black "XXNoWay"]
[BlackElo "2329"]
[TimeControl "60+0"]
[Result "1-0"]

1. e4 e6 2. Nc3 Nf6 3. e5 Nd5 4. Nxd5 exd5 5. Nf3 Nc6 6. d4 
d6 7. Bb5 Bg4 8. Qe2 Be7 9. exd6 cxd6 10. Bxc6+ bxc6 11. P@h6 P@e4 
12. hxg7 Rg8 13. Rg1 exf3 14. gxf3 Bxf3 15. N@f6# 
{XXNoWay checkmated} 1-0

[Event "fics rated crazyhouse match"]
[Site "fics, Oklahoma City, OK USA"]
[Date "2000.02.24"]
[White "XXNoWay"]
[WhiteElo "2323"]
[Black "pminear"]
[BlackElo "2414"]
[TimeControl "60+0"]
[Result "1-0"]

1. e4 e5 2. Nc3 Nc6 3. Bc4 Bc5 4. Qh5 Qe7 5. Nf3 Nf6 6. Qg5 
Rg8 7. d3 d6 8. O-O Bg4 9. Nh4 h6 10. Nf5 Bxf5 11. Qxf5 Nd4 
12. Qh3 c6 13. B@b3 Nxb3 14. axb3 B@g4 15. Qg3 g5 16. N@f5 Bxf5 17. exf5 
Nh5 18. Qf3 g4 19. Bxf7+ Kxf7 20. B@g6+ Kf8 21. f6 Nxf6 22. Bxh6+ P@g7 
23. Qxf6+ Qxf6 24. N@d7+ Ke7 25. Nxf6 N@h3+ 26. gxh3 N@f3+ 27. Kg2 Nh4+ 28. Kg3 
Q@f3+ 29. Kxh4 Qxh3+ 30. Kg5 B@f4+ 31. Kf5 P@e6+ 32. Ke4 d5+ 33. Ncxd5+ exd5+ 
34. Nxd5# 
{pminear forfeits on time} 1-0

[Event "fics rated crazyhouse match"]
[Site "fics, Oklahoma City, OK USA"]
[Date "2000.02.24"]
[White "pminear"]
[WhiteElo "2404"]
[Black "XXNoWay"]
[BlackElo "2333"]
[TimeControl "60+0"]
[Result "1-0"]

1. e4 e6 2. Nc3 Nf6 3. e5 Nd5 4. Nxd5 exd5 5. Nf3 Nc6 6. d4 
d6 7. Bb5 Bg4 8. N@e3 Bxf3 9. Qxf3 N@g5 10. Qxd5 Be7 11. Bxc6+ bxc6 
12. Qxc6+ B@d7 13. Qd5 Be6 14. Qb7 dxe5 15. B@b5+ P@d7 16. dxe5 c6 17. N@c7+ 
Kf8 18. P@d6 Bf6 19. exf6 Qxf6 20. Qxa8+ N@d8 
{XXNoWay resigns} 1-0

[Event "fics rated crazyhouse match"]
[Site "fics, Oklahoma City, OK USA"]
[Date "2000.02.24"]
[White "XXNoWay"]
[WhiteElo "2327"]
[Black "pminear"]
[BlackElo "2410"]
[TimeControl "60+0"]
[Result "0-1"]

1. e4 e5 2. Nc3 Nc6 3. Nf3 Bc5 4. Bc4 Nf6 5. d3 d6 6. h3 
Nd4 7. Bg5 h6 8. Bxf6 Qxf6 9. N@d5 Qd8 10. Nxd4 Bxd4 11. O-O B@h4 
12. Qf3 N@g5 13. Qe2 Bhxf2+ 14. Rxf2 P@g3 15. B@e1 gxf2+ 16. Bxf2 Bxf2+ 17. Qxf2 
B@f3 18. N@b5 Nxh3+ 19. Kf1 Nxf2 20. Nbxc7+ Kf8 21. P@e7+ Qxe7 22. Nxe7 Bxg2+ 
23. Kg1 Nh3+ 24. Kh2 P@g3+ 25. Kxg2 Nf4+ 26. Kf3 Q@g2+ 27. Ke3 P@d4# 
{XXNoWay checkmated} 0-1

[Event "fics rated crazyhouse match"]
[Site "fics, Oklahoma City, OK USA"]
[Date "2000.02.24"]
[White "pminear"]
[WhiteElo "2416"]
[Black "XXNoWay"]
[BlackElo "2321"]
[TimeControl "60+0"]
[Result "0-1"]

1. e4 e6 2. Nc3 d5 3. exd5 exd5 4. Bb5+ Nc6 5. Qe2+ Be7 6. d4 
Nf6 7. Bxc6+ bxc6 8. N@e5 B@h5 9. f3 Bd7 10. Nxd7 Nxd7 11. B@b7 P@e4 
12. Bxc6 exf3 13. gxf3 P@e4 14. Bxd5 Nf6 15. Bxe4 Qxd4 16. P@e3 Nxe4 17. Nxe4 
Qxe4 18. fxe4 Bxe2 19. P@d7+ Kf8 20. Nxe2 P@f2+ 21. Kd1 Q@e1+ 22. Rxe1 fxe1=Q+ 
23. Kxe1 N@g2+ 24. Kf2 B@e1+ 25. Kxg2 R@f2+ 26. Kh3 N@f3 27. Q@e8+ Rxe8 28. dxe8=Q+ 
Kxe8 29. Q@c8+ Bd8 30. P@d7+ Ke7 31. N@f5+ Kf6 32. N@g4+ Kg5 33. B@f4+ Kh5 
{pminear forfeits on time} 0-1

[Event "fics rated crazyhouse match"]
[Site "fics, Oklahoma City, OK USA"]
[Date "2000.02.24"]
[White "pminear"]
[WhiteElo "2406"]
[Black "Tecumseh"]
[BlackElo "2247"]
[TimeControl "60+0"]
[Result "1-0"]

1. e4 d6 2. d4 e5 3. dxe5 dxe5 4. Qxd8+ Kxd8 5. Nf3 Nc6 6. Nc3 
P@g4 7. Ng5 Nh6 8. Bb5 Bb4 9. Bd2 Nd4 10. Ba4 Nf3+ 11. Nxf3 gxf3 
12. gxf3 N@g2+ 13. Kd1 Q@d6 14. N@d5 Bd7 15. Bxd7 Qxd7 16. Q@g5+ B@f6 17. Qxg2 
Bxc3 18. bxc3 N@b2+ 19. Ke2 Ng8 20. P@d3 Ne7 21. Nxe7 Bxe7 22. N@d5 N@f4+ 
23. Bxf4 exf4 24. Nxf4 B@a6 25. N@e5 Nxd3 26. cxd3 Bxd3+ 27. Nfxd3 P@c4 28. Nxd7 
cxd3+ 29. Kxd3 N@f4+ 30. Kd2 Nxg2 31. Ne5 Q@d6+ 32. P@d4 P@d3 33. Nxf7+ Kc8 
34. Nxd6+ Bxd6 35. B@h3+ Kb8 36. Q@c8+ Rxc8 37. N@d7# 
{Tecumseh checkmated} 1-0

[Event "fics rated crazyhouse match"]
[Site "fics, Oklahoma City, OK USA"]
[Date "2000.02.24"]
[White "Tecumseh"]
[WhiteElo "2242"]
[Black "pminear"]
[BlackElo "2411"]
[TimeControl "60+0"]
[Result "0-1"]

1. e3 e5 2. d4 Nc6 3. dxe5 Nxe5 4. P@f4 Ng6 5. Nf3 Nf6 6. Nc3 
Bb4 7. Ng5 Qe7 8. Bc4 P@e6 9. f5 Ne5 10. fxe6 dxe6 11. Bb5+ Bd7 
12. Bxd7+ Nfxd7 13. Ne4 P@h3 14. P@c5 hxg2 15. Rg1 B@f3 16. B@d6 cxd6 17. cxd6 
Bxd6 18. Nxd6+ Kf8 19. B@e2 Bxe2 20. Nxe2 Nf3# 
{Tecumseh checkmated} 0-1

[Event "fics rated crazyhouse match"]
[Site "fics, Oklahoma City, OK USA"]
[Date "2000.02.24"]
[White "pminear"]
[WhiteElo "2415"]
[Black "Tecumseh"]
[BlackElo "2238"]
[TimeControl "60+0"]
[Result "0-1"]

1. e4 Nc6 2. d4 d5 3. exd5 Qxd5 4. Nf3 Bg4 5. Be2 Rd8 6. Nc3 
Bxf3 7. Nxd5 Bxd5 8. Rg1 e5 9. Be3 exd4 10. Bxd4 Nxd4 11. Qxd4 B@c5 
12. Qe5+ Bfe7 13. P@d4 P@f6 14. Qe3 N@f5 15. Qd2 Nxd4 16. N@h5 Bf8 17. P@e3 
Nxe2 18. Qxe2 B@c4 19. N@d3 Be4 20. Rd1 Bcxd3 21. cxd3 Bf5 22. e4 Bc8 
23. B@b3 P@e6 24. d4 Bb4+ 25. Kf1 N@b5 26. Qxb5+ P@c6 27. d5 N@d2+ 28. Rxd2 
cxb5 29. Q@e2 Bxd2 30. dxe6 R@c1+ 31. N@d1 Rxd1+ 32. Bxd1 N@e3+ 33. fxe3 Q@e1# 
{pminear forfeits on time} 0-1

[Event "fics rated crazyhouse match"]
[Site "fics, Oklahoma City, OK USA"]
[Date "2000.02.24"]
[White "Tecumseh"]
[WhiteElo "2250"]
[Black "pminear"]
[BlackElo "2403"]
[TimeControl "60+0"]
[Result "1-0"]

1. e4 e5 2. Nf3 Nc6 3. Bc4 Bc5 4. Nc3 Nf6 5. d3 d6 6. h3 
Nd4 7. Bg5 h6 8. Bh4 g5 9. Nxg5 hxg5 10. Bxg5 Rg8 11. P@h7 Rxg5 
12. h8=Q+ B@f8 13. Nd5 Nxd5 14. Bxd5 Be6 15. N@f6+ Ke7 16. h4 Rxg2 17. P@e2 
Rxf2 18. Kxf2 Nf5+ 19. Kf3 N@d4+ 20. Kg2 Ne3+ 21. Kh2 P@g3+ 22. Kxg3 P@f4+ 
23. Kh2 N@g4+ 24. Kg1 Nxe2+ 25. Qxe2 P@h2+ 26. Rxh2 Nxd5+ 27. P@f2 Ndxf6 28. Qxf6+ 
Nxf6 29. N@g8# 
{pminear forfeits on time} 1-0

[Event "fics rated crazyhouse match"]
[Site "fics, Oklahoma City, OK USA"]
[Date "2000.02.24"]
[White "pminear"]
[WhiteElo "2392"]
[Black "Tecumseh"]
[BlackElo "2261"]
[TimeControl "60+0"]
[Result "0-1"]

1. e4 Nc6 2. Nc3 Nf6 3. d4 d5 4. exd5 Nxd5 5. Nf3 e6 6. Bb5 
Bd7 7. Nxd5 exd5 8. Bxc6 bxc6 9. Ne5 N@e4 10. Nxd7 Qxd7 11. N@e5 Nxf2 
12. Nxd7 Nxd1 13. N@f6+ gxf6 14. Nxf6+ Ke7 15. B@h4 P@f2+ 16. Kxd1 P@e2+ 17. Kxe2 
N@g1+ 18. Kxf2 Q@e2+ 19. Kxg1 B@e3+ 20. Bxe3 Qxe3+ 21. B@f2 N@e2+ 22. Kf1 Ng3+ 
23. hxg3 B@e2+ 24. Kg1 Qe6 25. Nxd5+ Kd7 26. N@f6+ Kc8 27. P@b7+ Kxb7 28. P@a6+ 
Kxa6 29. Q@a4+ P@a5 30. P@b5+ Kb7 31. N@c5+ Kc8 
{pminear forfeits on time} 0-1

[Event "fics rated crazyhouse match"]
[Site "fics, Oklahoma City, OK USA"]
[Date "2000.02.24"]
[White "Tecumseh"]
[WhiteElo "2272"]
[Black "pminear"]
[BlackElo "2381"]
[TimeControl "60+0"]
[Result "0-1"]

1. e4 e5 2. d4 Nc6 3. Nf3 exd4 4. Nxd4 Nf6 5. Nxc6 bxc6 6. e5 
Nd5 7. Nc3 Qe7 8. P@f4 Nxc3 9. bxc3 d6 10. N@f3 N@e4 11. Bc4 d5 
12. Bd3 Nxc3 13. N@f5 Bxf5 14. Bxf5 P@e4 15. B@d7+ Kd8 16. Qd2 exf3 17. Qxc3 
P@e6 18. Qxc6 Qxd7 19. Qxa8+ B@c8 20. N@c6+ Ke8 21. R@d8+ Qxd8 22. Nxd8 Bb4+ 
23. P@d2 fxg2 24. Q@c6+ P@d7 25. Qxd7+ Bxd7 26. Nxe6+ N@c8 27. Nxc7+ Kf8 28. P@e7+ 
Bxe7 29. Ke2 N@d4+ 30. Kd3 Q@c4+ 31. Ke3 Nxf5+ 32. Kf3 Qe4+ 33. Kg4 h5# 
{Tecumseh forfeits on time} 0-1

[Event "fics rated crazyhouse match"]
[Site "fics, Oklahoma City, OK USA"]
[Date "2000.02.24"]
[White "pminear"]
[WhiteElo "2387"]
[Black "Tecumseh"]
[BlackElo "2266"]
[TimeControl "60+0"]
[Result "0-1"]

1. e4 Nc6 2. Nc3 d5 3. d4 dxe4 4. Nxe4 Qxd4 5. Qxd4 Nxd4 6. Bd3 
e5 7. Nf3 Nxf3+ 8. gxf3 N@g2+ 9. Kd1 Bb4 10. c3 Be7 11. N@d5 Q@d8 
12. c4 P@g4 13. fxg4 Bxg4+ 14. P@e2 P@f3 15. exf3 Bxf3+ 16. P@e2 Bxe4 17. Bxe4 
N@c5 18. Bxg2 e4 19. N@f5 P@d3 20. Nxg7+ Kf8 21. B@h6 dxe2+ 22. Kxe2 P@f3+ 
23. Kd2 Nxh6 24. Kc3 B@a5+ 25. P@b4 Bf6+ 26. P@d4 Bxg7 27. Bxh6 N@a4+ 28. Kc2 
Bxh6 
{pminear forfeits on time} 0-1

[Event "fics rated crazyhouse match"]
[Site "fics, Oklahoma City, OK USA"]
[Date "2000.02.24"]
[White "Tecumseh"]
[WhiteElo "2277"]
[Black "pminear"]
[BlackElo "2376"]
[TimeControl "60+0"]
[Result "0-1"]

1. e4 e5 2. Nf3 Nc6 3. Bc4 Bc5 4. Nc3 Nf6 5. d3 d6 6. Bg5 
Bg4 7. Nd5 Rg8 8. h3 Bxf3 9. Qxf3 Nd4 10. Qd1 N@e6 11. B@e7 Qxe7 
12. Nxe7 Kxe7 13. Bxf6+ gxf6 14. N@d5+ Kd8 15. Q@e7+ Kc8 16. Nxf6 a6 17. Bxe6+ 
Nxe6 18. P@d7+ Kb8 19. d8=Q+ Nxd8 20. N@d7+ Ka7 21. Nxg8 Bxf2+ 22. Kxf2 B@f4 
23. Qf3 B@g3+ 24. Ke2 N@d4+ 25. Kd1 Nxf3 26. B@g1+ P@b6 27. R@e2 Q@f1# 
{Tecumseh resigns} 0-1

[Event "fics rated crazyhouse match"]
[Site "fics, Oklahoma City, OK USA"]
[Date "2000.02.24"]
[White "pminear"]
[WhiteElo "2382"]
[Black "Tecumseh"]
[BlackElo "2271"]
[TimeControl "60+0"]
[Result "0-1"]

1. e4 Nc6 2. d4 d5 3. exd5 Qxd5 4. Nf3 Nf6 5. Be2 Bg4 6. O-O 
P@h3 7. gxh3 Bxh3 8. Re1 Ne4 9. c4 Qh5 10. d5 Nxf2 11. Kxf2 e5 
12. dxc6 bxc6 13. N@g3 Bc5+ 14. P@e3 P@f4 15. Nxh5 Bxe3+ 16. Bxe3 fxe3+ 17. Kxe3 
P@d4+ 18. Kd2 B@e3+ 19. Kc2 Bf5+ 20. B@d3 Bxd3+ 21. Bxd3 B@h6 22. N@f6+ gxf6 
23. Nxf6+ Ke7 24. B@c5+ P@d6 25. Nxe5 dxc5 26. Q@d7+ Kxf6 27. Qxf7+ Kxe5 28. Rxe3+ 
Bxe3 29. Qf5+ Kd6 30. B@e5+ Ke7 31. Qf6+ Ke8 32. P@f7+ Kd7 33. P@e7 N@b4+ 
34. Kb3 N@a5# 
{pminear forfeits on time} 0-1

[Event "fics rated crazyhouse match"]
[Site "fics, Oklahoma City, OK USA"]
[Date "2000.02.24"]
[White "Tecumseh"]
[WhiteElo "2281"]
[Black "pminear"]
[BlackElo "2372"]
[TimeControl "60+0"]
[Result "0-1"]

1. e4 e5 2. Nf3 Nc6 3. Bb5 Bc5 4. Bxc6 dxc6 5. Nxe5 Bxf2+ 6. Kf1 
Bd4 7. Nxf7 Qf6+ 8. P@f5 Qxf7 9. N@g5 B@h5 10. Nxf7 P@e2+ 11. Qxe2 Bxe2+ 
12. Kxe2 Q@f2+ 13. Kd1 Bxf5 14. B@h5 Bg6 15. P@d7+ Kxf7 16. P@e6+ Ke7 17. Q@g5+ 
Nf6 18. Re1 Qxe1+ 19. Kxe1 P@f2+ 20. Ke2 N@g1+ 21. Kd3 f1=Q+ 22. Q@e2 Qxe2+ 
23. Bxe2 Q@c4# 
{Tecumseh forfeits on time} 0-1

[Event "fics rated crazyhouse match"]
[Site "fics, Oklahoma City, OK USA"]
[Date "2000.02.24"]
[White "Tecumseh"]
[WhiteElo "2269"]
[Black "pminear"]
[BlackElo "2384"]
[TimeControl "60+0"]
[Result "0-1"]

1. e4 e5 2. Nf3 Nc6 3. d4 exd4 4. Nxd4 Nf6 5. Nxc6 bxc6 6. Nc3 
Bb4 7. Bd3 P@d4 8. e5 dxc3 9. exf6 cxb2+ 10. Bd2 Bxd2+ 11. Kxd2 Qxf6 
12. B@c3 Qxf2+ 13. Qe2+ B@e3+ 14. Kd1 bxa1=Q+ 15. Bxa1 R@c1# 
{Tecumseh checkmated} 0-1

[Event "fics rated crazyhouse match"]
[Site "fics, Oklahoma City, OK USA"]
[Date "2000.02.24"]
[White "pminear"]
[WhiteElo "2389"]
[Black "Tecumseh"]
[BlackElo "2264"]
[TimeControl "60+0"]
[Result "1-0"]

1. e4 d5 2. exd5 c6 3. dxc6 Nxc6 4. Nf3 h5 5. d4 Rh6 6. Bxh6 
Nxh6 7. d5 Nb4 8. Bc4 B@b6 9. Nc3 Ng4 10. P@e3 e6 11. dxe6 Qxd1+ 
12. Rxd1 Nxc2+ 13. Ke2 fxe6 14. P@f7+ Kxf7 15. Ng5+ Kg6 16. Q@h7+ Kxg5 17. Ne4# 
{Tecumseh resigns} 1-0

[Event "fics rated crazyhouse match"]
[Site "fics, Oklahoma City, OK USA"]
[Date "2000.02.24"]
[White "RubberDuck"]
[WhiteElo "2192"]
[Black "spurs"]
[BlackElo "2343"]
[TimeControl "60+0"]
[Result "0-1"]

1. e4 e6 2. Nf3 d5 3. Nc3 dxe4 4. Nxe4 Nc6 5. d4 Be7 6. Bb5 
Nf6 7. Bg5 Bd7 8. Bxc6 Bxc6 9. Bxf6 Bxf6 10. Nxf6+ Qxf6 11. B@e5 Qg6 
12. N@f4 Qe4+ 13. P@e3 P@f6 14. N@c5 Qf5 15. Bxc7 O-O 16. Nh4 Qg5 17. Nf3 
Bxf3 18. Qxf3 B@g4 19. Qg3 N@f5 20. P@h4 Nxg3 21. hxg3 Qxf4 22. N@e7+ Kh8 
23. B@d3 Qxc7 24. h5 B@b4+ 25. c3 Bxc5 26. h6 N@c2+ 27. Bxc2 Q@e2# 
{RubberDuck checkmated} 0-1

[Event "fics rated crazyhouse match"]
[Site "fics, Oklahoma City, OK USA"]
[Date "2000.02.24"]
[White "Tecumseh"]
[WhiteElo "2259"]
[Black "pminear"]
[BlackElo "2394"]
[TimeControl "60+0"]
[Result "1-0"]

1. d4 Nf6 2. c4 d5 3. Nc3 dxc4 4. e4 P@b4 5. Bxc4 bxc3 6. Bxf7+ 
Kxf7 7. d5 Nxd5 8. exd5 P@d2+ 9. Bxd2 Qxd5 10. N@g5+ Ke8 11. P@f7+ Kd8 
12. Bxc3 N@d3+ 13. Kf1 B@c4 14. P@e2 Qxg5 15. exd3 Bxf7 16. Nf3 Qxg2+ 17. Kxg2 
N@f4+ 18. Kg3 P@e2 19. Qd2 Nh5+ 20. Kg2 P@g4 21. Ng5 P@f3+ 22. Kg1 Bce6 
23. N@d4 h6 24. Ndxe6+ Bxe6 25. Nxe6+ Ke8 26. Q@d8+ Kf7 27. P@g6+ Kxe6 28. B@f7+ 
Kf5 29. B@e4# 
{pminear checkmated} 1-0

[Event "fics rated crazyhouse match"]
[Site "fics, Oklahoma City, OK USA"]
[Date "2000.02.24"]
[White "pminear"]
[WhiteElo "2383"]
[Black "Tecumseh"]
[BlackElo "2270"]
[TimeControl "60+0"]
[Result "1-0"]

1. e4 Nc6 2. d4 g6 3. Nc3 Bg7 4. Be3 e5 5. d5 Nd4 6. Nf3 
Nxf3+ 7. Qxf3 d6 8. Bb5+ Bd7 9. Bxd7+ Qxd7 10. N@g5 B@g4 11. B@e6 fxe6 
12. Qxg4 B@b4 13. dxe6 Qe7 14. P@f7+ Kd8 15. fxg8=Q+ Rxg8 16. B@d7 N@h6 17. N@f7+ 
Nxf7 18. Nxf7+ Qxf7 19. exf7 P@f5 20. Q@e8+ Rxe8 21. fxe8=Q# 
{Tecumseh checkmated} 1-0

[Event "fics rated crazyhouse match"]
[Site "fics, Oklahoma City, OK USA"]
[Date "2000.02.24"]
[White "Tecumseh"]
[WhiteElo "2265"]
[Black "pminear"]
[BlackElo "2388"]
[TimeControl "60+0"]
[Result "1-0"]

1. d4 Nf6 2. Nf3 e6 3. Ne5 Nc6 4. Nxc6 bxc6 5. N@e5 Bb7 6. Nc3 
d6 7. Nxf7 Kxf7 8. e4 Qe7 9. P@g5 Nd7 10. Bc4 d5 11. exd5 exd5+ 
12. Be2 P@h3 13. gxh3 N@g2+ 14. Kf1 Nh4 15. Rg1 h6 16. g6+ Nxg6 17. Rxg6 
Kxg6 18. Bh5+ Kf6 19. N@g4+ Ke6 20. P@f5+ Kxf5 21. Qf3+ Ke6 22. P@f5+ Kd6 
23. Qf4+ Ne5 24. Qxe5+ Kd7 25. Qxe7+ Bxe7 26. Q@e6+ Kd8 27. N@f7+ Ke8 28. Nd6+ 
Kd8 29. Nxb7# 
{pminear checkmated} 1-0

[Event "fics rated crazyhouse match"]
[Site "fics, Oklahoma City, OK USA"]
[Date "2000.02.24"]
[White "Tecumseh"]
[WhiteElo "2270"]
[Black "pminear"]
[BlackElo "2383"]
[TimeControl "60+0"]
[Result "1-0"]

1. e4 e5 2. d3 Nc6 3. Be2 Bc5 4. Nf3 Nf6 5. Nc3 Ng4 6. O-O 
Nxf2 7. Rxf2 Bxf2+ 8. Kxf2 Nd4 9. B@h4 P@f6 10. Kg1 Nxf3+ 11. Bxf3 N@g6 
12. N@f5 Nxh4 13. Nxh4 B@g5 14. Nf5 Rg8 15. Bxg5 fxg5 16. B@e7 Qxe7 17. Nxe7 
B@c5+ 18. N@f2 Bxe7 19. Nd5 B@d6 20. N@f5 N@f4 21. Nfxe7 Bxe7 22. Nxc7+ Kd8 
23. Nd5 Nxd5 24. exd5 N@c7 25. N@f5 N@d4 26. Nxe7 Kxe7 27. d6+ Kxd6 28. B@b4+ 
Ke6 29. P@d5+ Kf6 30. Ng4+ Kg6 31. Nxe5+ Kf5 32. Q@e4+ Kf6 33. Ng4# 
{pminear checkmated} 1-0

[Event "fics rated crazyhouse match"]
[Site "fics, Oklahoma City, OK USA"]
[Date "2000.02.24"]
[White "pminear"]
[WhiteElo "2372"]
[Black "Tecumseh"]
[BlackElo "2281"]
[TimeControl "60+0"]
[Result "0-1"]

1. e4 Nc6 2. Nc3 Nf6 3. d4 d5 4. exd5 Nxd5 5. Nxd5 Qxd5 6. Nf3 
Bg4 7. Be2 Rd8 8. Be3 e5 9. Nxe5 Nxe5 10. Bxg4 Qxg2 11. B@f3 Nxf3+ 
12. Bxf3 Qxh1+ 13. Bxh1 P@h3 14. N@e5 N@g2+ 15. Kd2 Nxe3 16. fxe3 R@f2+ 17. P@e2 
B@a5+ 18. c3 Bd6 19. P@d7+ Rxd7 20. Nxd7 N@c4+ 21. Kc1 P@d2+ 22. Kb1 Nxe3 
23. Ne5 B@f5+ 24. N@d3 Nxd1 25. R@b8+ Q@c8 26. Rxc8+ Bxc8 27. Q@d8+ Kxd8 28. N@c6+ 
bxc6 29. Nxc6+ Kd7 30. Nb8+ Ke6 
{pminear forfeits on time} 0-1

[Event "fics rated crazyhouse match"]
[Site "fics, Oklahoma City, OK USA"]
[Date "2000.02.24"]
[White "Tecumseh"]
[WhiteElo "2291"]
[Black "pminear"]
[BlackElo "2362"]
[TimeControl "60+0"]
[Result "0-1"]

1. e4 e5 2. Nf3 Nc6 3. d3 Bc5 4. Be2 Nf6 5. Nc3 d5 6. O-O 
dxe4 7. Nxe4 Nxe4 8. dxe4 Qxd1 9. Bxd1 P@h3 10. gxh3 Bxh3 11. P@g2 Bxg2 
12. Kxg2 P@h3+ 13. Kxh3 P@g4+ 14. Kxg4 h5+ 15. Kf5 Q@g4# 
{Tecumseh checkmated} 0-1